 Dungeon Crawl Stone Soup version 0.28-a0-906-g0406aca7d3 (webtiles) character file.

Game seed: 3493575552583105614

58805 senseless the Cruncher (level 14, -7/115 HPs)
             Began as a Demonspawn Artificer on Nov 20, 2021.
             Was the Champion of Jiyva.
             Mangled by a two-headed ogre (19 damage)
             ... on level 2 of the Orcish Mines on Nov 23, 2021.
             The game lasted 01:34:23 (16501 turns).

senseless the Cruncher (Demonspawn Artificer)      Turns: 16501, Time: 01:34:24

Health: -7/115     AC: 25    Str: 19    XL:     14   Next: 50%
Magic:  14/14      EV:  8    Int: 17    God:    Jiyva [******]
Gold:   1043       SH:  4    Dex: 19    Spells: 13/13 levels left

rFire   x . .      SeeInvis +   a - +7 quarterstaff (chaos)
rCold   + + .      Faith    .   (shield currently unavailable)
rNeg    . . .      Spirit   .   P - +2 plate armour {rC+}
rPois   +          Reflect  .   (helmet unavailable)
rElec   .          Harm     .   y - +2 cloak {Stlth+}
rCorr   +          Rampage  .   i - +0 pair of gloves
Will    +....                   q - +0 pair of boots
Stlth   +++.......              E - amulet of regeneration
HPRegen 3.29/turn               v - ring of see invisible
MPRegen 0.64/turn               D - ring of Compulsion {+Blink rPois rF- rC+ Str+5}

@: no status effects
A: antennae 3, icy blue scales 2, demonic guardian 3, large bone plates 1, thin
skeletal structure 2, clever 1, sense surroundings 3, translucent skin 1,
MP-powered wands
a: Renounce Religion, Evoke Blink, Oozemancy, Slimify


You were on level 2 of the Orcish Mines.
You worshipped Jiyva.
Jiyva was exalted by your worship.
You visited 2 branches of the dungeon, and saw 16 of its levels.
You visited the Abyss 1 time.
You also visited: Ice Cave.

You collected 1358 gold pieces.
You spent 315 gold pieces at shops.

Inventory:

Hand Weapons
 a - a +7 quarterstaff of chaos (weapon)
 b - a +0 vorpal arbalest
 p - a +2 flail of draining
 s - a +7 halberd
 F - a +4 shortbow
 U - a +0 hand crossbow of freezing
Missiles
 x - 48 bolts
 C - 3 throwing nets
 R - 9 javelins
Armour
 i - a +0 pair of gloves (worn)
 l - a +0 chain mail
 q - a +0 pair of boots (worn)
 w - a +3 leather armour
 y - a +2 cloak of stealth (worn)
 A - a +4 ring mail of fire resistance
 K - the +4 skin of Zhor {*Englaciate rC+++ SInv}
   (You found it in an ice cave)

   It radiates cold, occasionally slowing all nearby creatures who are not
   resistant to cold.
   rC:        It renders you almost immune to cold.
   SInv:      It lets you see invisible.
 M - the +2 steam dragon scales "Opimioc" {rElec Int+2}
   (You found it in an ice cave)

   Int:       It affects your intelligence (+2).
   rElec:     It insulates you from electricity.
 O - the +1 ice dragon scales of Articulation {Rampage rF- rC++ Will+ Dex+4 Slay-2}
   (You found it in an ice cave)

   Dex:       It affects your dexterity (+4).
   Slay:      It affects your accuracy & damage with ranged weapons and melee
   (-2).
   rF:        It makes you vulnerable to fire.
   rC:        It greatly protects you from cold.
   Rampage:   It bestows one free step when moving towards enemies.
   Will:      It increases your willpower.
 P - a +2 plate armour of cold resistance (worn)
Jewellery
 r - a ring of ice
 v - a ring of see invisible (left hand)
 D - the ring of Compulsion (right hand) {+Blink rPois rF- rC+ Str+5}
   (You found it on level 7 of the Dungeon)

   [ring of poison resistance]

   Str:       It affects your strength (+5).
   rF:        It makes you vulnerable to fire.
   rC:        It protects you from cold.
   rPois:     It protects you from poison.
   +Blink:    It lets you blink.
 E - an amulet of regeneration (around neck)
 I - a ring of flight
 L - the ring of Ceites {*Corrode Fly rPois rC+ rN++}
   (You found it in an ice cave)

   [ring of protection from cold]

   rC:        It protects you from cold.
   rPois:     It protects you from poison.
   rN:        It greatly protects you from negative energy.
   Fly:       It grants you flight.
   *Corrode:  It may corrode you when you take damage.
 Q - a ring of ice
Wands
 c - a wand of flame (22)
 d - a wand of charming (13)
 u - a wand of paralysis (6) (quivered)
 G - a wand of polymorph (19)
 H - a wand of acid (7)
 J - a wand of digging (1)
Scrolls
 g - 2 scrolls of amnesia
 k - 2 scrolls of blinking
 N - a scroll of magic mapping
 S - 2 scrolls of identify
 T - a scroll of brand weapon
Potions
 f - 2 potions of flight
 h - 3 potions of ambrosia
 j - a potion of might
 m - a potion of cancellation
 o - 6 potions of curing
 t - 5 potions of attraction
 z - 2 potions of lignification
 B - 2 potions of mutation
Miscellaneous
 e - a piece from Xom's chessboard (15/15)


   Skills:
 + Level 12.2 Fighting
 + Level 1.6 Short Blades
 + Level 13.4 Staves
 + Level 11.4 Crossbows
 + Level 9.1 Armour
 + Level 5.2 Dodging
 + Level 5.2 Stealth
 + Level 1.0 Shields
 + Level 4.4 Evocations


You had 13 spell levels left.
You didn't know any spells.
Your spell library contained the following spells:

 Spells                   Type           Power      Damage    Failure   Level
 Apportation              Tloc           0%         N/A       99%         1
 Foxfire                  Conj/Fire      0%         2x1d4     99%         1
 Magic Dart               Conj           0%         1d3       99%         1
 Slow                     Hex            0%         N/A       99%         1
 Ensorcelled Hibernation  Hex/Ice        0%         N/A       100%        2
 Searing Ray              Conj           0%         2d4       100%        2
 Confusing Touch          Hex            0%         N/A       100%        3
 Dazzling Flash           Conj/Hex       0%         N/A       100%        3
 Portal Projectile        Hex/Tloc       0%         N/A       100%        3
 Fulminant Prism          Conj/Hex       0%         3d6       100%        4
 Olgreb's Toxic Radiance  Pois           0%         N/A       100%        4
 Summon Lightning Spire   Summ/Air       0%         N/A       100%        4
 Agony                    Necr           0%         N/A       100%        5
 Alistair's Intoxication  Tmut/Pois      0%         N/A       100%        5
 Blade Hands              Tmut           0%         N/A       100%        5
 Excruciating Wounds      Necr           0%         N/A       100%        5
 Freezing Cloud           Conj/Ice/Air   0%         6-21      100%        5
 Metabolic Englaciation   Hex/Ice        0%         N/A       100%        5
 Silence                  Hex/Air        0%         N/A       100%        5
 Yara's Violent Unravell  Hex/Tmut       0%         3d3       100%        5
 Simulacrum               Ice/Necr       0%         N/A       100%        6
 Storm Form               Tmut/Air       0%         N/A       100%        7
 Maxwell's Capacitive Co  Air            0%         ∞         100%        8
 Polar Vortex             Ice            0%         N/A       100%        9


Dungeon Overview and Level Annotations

Branches:
Dungeon (14/15)            Temple (0/1) D:6            Lair (0/6) D:11
    Orc (2/2) D:12            Elf (0/3) Orc:2        Vaults (0/5) D:14
  IceCv (visited)

Altars:
Ashenzari
Fedhas
Gozag
Makhleb
Nemelex Xobeh
Okawaru
Qazlal
Ru
Uskayaw
Wu Jian
Xom
The Shining One
Beogh

Shops:
D:6 [

Annotations:
D:5 3 runed translucent doors, NigelTetley's ghost, novice TrFi


Innate Abilities, Weirdness & Mutations

You have a pair of large antennae on your head. (SInv)
You are mostly covered in icy blue scales. (AC +3)
A powerful demonic guardian rushes to your aid.
You are partially covered in large bone plates. (SH +4)
You have a moderately thin skeletal structure. (Dex +4, Stealth++)
Your mind is acute. (Int +2)
You passively map a large area around you.
Your translucent skin slightly reduces your foes' accuracy. (Stealth+)
You expend magic power (3 MP) to strengthen your wands.


Message History

The two-headed ogre seems to be corroded for longer.
The jelly hits the ogre.
The ogre is splashed with acid.
You sock the wandering mushroom!
The wandering mushroom is lightly damaged.
The two-headed ogre barely misses you.
The two-headed ogre hits you but does no damage.
The wandering mushroom releases spores at you!
* * * LOW HITPOINT WARNING * * *
A demonic guardian appears!
You are engulfed in a cloud of spores!
The wandering mushroom releases spores at you but does no damage.
The ogre mage hits you but does no damage.
The ogre hits the jelly with a +0 giant club!
The ogre is burned by acid!
You hit the wandering mushroom but do no damage.
The wandering mushroom is lightly damaged.
Your sixfirhy hits the wandering mushroom.
Your sixfirhy shocks the wandering mushroom!
The jelly hits the two-headed ogre.
The two-headed ogre is splashed with acid!
The jelly barely misses the ogre.
Your sixfirhy hits the wandering mushroom.
Your sixfirhy shocks the wandering mushroom!
The wandering mushroom releases spores at you!
* * * LOW HITPOINT WARNING * * *
You are engulfed in a cloud of spores!
The wandering mushroom releases spores at your sixfirhy.
Your sixfirhy is engulfed in a cloud of spores!
Your sixfirhy appears confused.
Your magical effects are unravelling.
You feel magically purged.
You feel less confused.
Your sixfirhy hits the wandering mushroom!
Your sixfirhy shocks the wandering mushroom!
The wandering mushroom is destroyed!
The two-headed ogre closely misses you. The two-headed ogre barely misses you.
The ogre mage mumbles some strange words.
The ogre mage flickers and vanishes for a moment.
The jelly hits the two-headed ogre but does no damage.
The two-headed ogre hits you with a +0 giant spiked club!!
You die...

, * *, #. #...#.)...... , *
, *##.##..#.))##..## , ,**
#........))###### , , , , ,
* #.##.....{{## # , , ,
##<.....{### *,,* **** ###
##......##.## , , * # ##.##
#......##.... ..##..#f3.#
#.......##... ...#oO#.@##
##.###.##..#. ,
,....oOOOO.######..##....#
, ,,
....OOJ.....##.........#[
,, , ,
...#..J..f.............#.
,,..#.......#..............
, , , ,
#.#......#...##.##.#.... ,
* #.#........#.#####.......
, ,
..........#...##.#.......
,,
......#....#.............


You could see 4 two-headed ogres, an ogre mage (invisible), 2 wandering
mushrooms, an orc warrior, an ogre (corroded), 2 neutral jellies (fellow slime)
and a friendly sixfirhy (summoned, confused).

Vanquished Creatures
  An azure jelly (IceCv)
  2 quicksilver oozes (IceCv)
  Snorg (D:11)
  A yaktaur captain (D:11)
  Josephine (D:11)
  Fannar (D:12)
  A vault guard (D:14)
  A boulder beetle (D:13)
  A hydra (D:11)
  Harold (D:8)
  An ogre mage (Orc:2)
  4 centaur warriors
  Erica (D:8)
  10 two-headed ogres
  Urug (D:13)
  An orc high priest (Orc:1)
  2 tengu warriors
  A deep elf knight (Orc:1)
  Nergalle (Orc:1)
  3 wizards (D:14)
  An orc knight (Orc:1)
  A necromancer (D:14)
  2 deep elf pyromancers
  12 ugly things
  3 orc sorcerers (Orc:1)
  A cyclops (D:14)
  9 oklob plants
  2 centaur zombies
  Maurice (D:11)
  Joseph (D:8)
  2 ice statues (IceCv)
  A gargoyle (D:13)
  An unseen horror (D:11)
  A kobold demonologist (D:13)
  A yaktaur (D:14)
  An entropy weaver simulacrum (IceCv)
  3 komodo dragons
  6 trolls
  17 slime creatures (IceCv)
  A centaur simulacrum (D:14)
  A vampire (D:10)
  2 shadows
  5 wraiths (D:11)
  2 yaks (D:10)
  A fire bat (Abyss:2)
  19 humans (D:14)
  3 steam dragons
  Grum (D:8)
  5 vampire mosquitoes
  A warg (Orc:1)
  Edmund (D:4)
  An acid dragon (D:11)
  5 water moccasins
  4 demonic crawler simulacra (IceCv)
  17 orc warriors
  An ice beast (D:6)
  4 wandering mushrooms
  A black bear (D:5)
  3 ugly thing simulacra (IceCv)
  A necrophage (D:6)
  22 ogres
  4 wolves (D:8)
  8 centaurs
  A phantom (D:4)
  3 kobold brigands
  5 bullfrogs
  3 two-headed ogre simulacra (D:12)
  6 glowing shapeshifter simulacra (IceCv)
  A water moccasin skeleton (D:7)
  An elephant simulacrum (D:12)
  20 killer bees
  8 wights
  3 howler monkeys
  A bullfrog zombie (D:6)
  2 jellies
  A centaur skeleton (D:7)
  3 hounds
  5 orc priests
  3 gnoll shamans
  Crazy Yiuf (D:2)
  Jessica (D:2)
  2 bullfrog skeletons
  15 orc wizards
  2 iguanas
  A polar bear simulacrum (D:12)
  A spriggan simulacrum (D:12)
  2 wolf simulacra (D:12)
  A killer bee zombie (D:6)
  2 howler monkey zombies
  4 adders
  9 gnolls
  A white imp (D:7)
  An ufetubus (D:5)
  An adder skeleton (D:4)
  2 dart slugs
  48 orcs
  A ball python (D:2)
  4 endoplasms
  4 goblins
  8 hobgoblins
  17 kobolds
  A quokka (D:5)
  A bat (D:3)
  2 frilled lizards
  3 rats
416 creatures vanquished.

Vanquished Creatures (collateral kills)
  An orc warlord (Orc:1)
  A stone giant (D:11)
  An ogre mage (Orc:2)
  2 two-headed ogres (Orc:2)
  An oklob plant (D:11)
  A cyclops (D:14)
  A troll (D:10)
  A slime creature (IceCv)
  6 wandering mushrooms
  A vampire (D:14)
  A fire bat (Abyss:2)
  A large abomination (Abyss:2)
  A wraith (D:12)
  5 yaks (D:10)
  An orc warrior (D:8)
  7 ogres
  A water moccasin skeleton (D:6)
  A killer bee (D:6)
  A dart slug (D:1)
  A worm (D:2)
  A kobold (D:10)
37 creatures vanquished.

Vanquished Creatures (others)
  A great orb of eyes (Abyss:2)
  An orc sorcerer (Orc:1)
  A swamp drake (D:12)
  An ogre (Orc:2)
  5 centaurs
  47 jellies
  3 orc priests (D:12)
  2 orc wizards (D:12)
  13 orcs
  7 plants (D:11)
81 creatures vanquished.

Grand Total: 534 creatures vanquished

Notes
Turn   | Place    | Note
-------+----------+-------------------------------------------
     0 | D:1      | senseless the Demonspawn Artificer began the quest for the
                  | Orb.
     0 | D:1      | Reached XP level 1. HP: 15/15 MP: 1/1
   115 | D:1      | Reached skill level 1 in Stealth
   706 | D:1      | Reached skill level 1 in Dodging
   768 | D:1      | Found a faded altar of an unknown god.
   783 | D:1      | Gained mutation: A weak demonic guardian rushes to your
                  | aid. [demonic ancestry]
   783 | D:1      | Reached XP level 2. HP: 21/21 MP: 2/2
   786 | D:1      | Prayed at the altar of an unknown god.
   786 | D:1      | Became a worshipper of Fedhas Madash
   786 | D:1      | Reached * piety under Fedhas
  1446 | D:2      | Noticed Jessica
  1457 | D:2      | Killed Jessica
  1458 | D:2      | Reached XP level 3. HP: 26/26 MP: 3/3
  1504 | D:2      | Reached skill level 1 in Short Blades
  1686 | D:2      | Found a runed translucent door.
  1687 | D:2      | Noticed Crazy Yiuf
  2161 | D:2      | Killed Crazy Yiuf
  2162 | D:2      | Gained mutation: A demonic guardian rushes to your aid.
                  | [demonic ancestry]
  2162 | D:2      | Reached XP level 4. HP: 17/32 MP: 4/4
  2733 | D:3      | Reached XP level 5. HP: 37/37 MP: 5/5
  2794 | D:3      | Reached ** piety under Fedhas
  3040 | D:4      | Noticed a phantom
  3041 | D:4      | Killed a phantom
  3042 | D:4      | Reached skill level 1 in Staves
  3266 | D:4      | Found a hide-covered altar of Uskayaw.
  3266 | D:4      | Noticed a +0 dagger
  3266 | D:4      | Noticed a +3 dagger
  3301 | D:4      | Noticed Edmund
  3310 | D:4      | Killed Edmund
  3311 | D:4      | Reached skill level 2 in Staves
  3311 | D:4      | Reached XP level 6. HP: 44/44 MP: 6/6
  3359 | D:4      | Reached skill level 3 in Staves
  3388 | D:4      | Got the Handbook of Enchantment and the Voyage
  3793 | D:5      | Entered Level 5 of the Dungeon
  3915 | D:5      | Gained mutation: You have a pair of small antennae on your
                  | head. [demonic ancestry]
  3915 | D:5      | Reached XP level 7. HP: 38/50 MP: 7/7
  4126 | D:5      | Found a sacrificial altar of Ru.
  4133 | D:5      | Found a blossoming altar of Fedhas.
  4134 | D:5      | Found a shimmering altar of Xom.
  4136 | D:5      | Found an ornate altar of the Wu Jian Council.
  4145 | D:5      | Found a sparkling altar of Nemelex Xobeh.
  4161 | D:5      | Reached skill level 4 in Staves
  4248 | D:5      | Found a burning altar of Makhleb.
  4250 | D:5      | Found an opulent altar of Gozag.
  4316 | D:5      | Reached skill level 1 in Crossbows
  4319 | D:5      | Found a runed translucent gate.
  4320 | D:5      | Found a runed translucent gate.
  4329 | D:5      | Found a runed translucent gate.
  4399 | D:5      | Noticed NigelTetley's ghost (novice TrFi)
  4521 | D:6      | Found a stormy altar of Qazlal.
  4530 | D:6      | Got the Catalogue of the Volcanoes and Poison
  4678 | D:6      | Gained mutation: You are partially covered in icy blue
                  | scales. (AC +2) [demonic ancestry]
  4678 | D:6      | Reached XP level 8. HP: 57/57 MP: 8/8
  4685 | D:6      | Reached skill level 5 in Staves
  4901 | D:6      | Found a staircase to the Ecumenical Temple.
  4917 | D:6      | Reached *** piety under Fedhas
  5425 | D:6      | Found Fuurch's Armour Emporium.
  5435 | D:6      | Bought a +2 ring mail of fire resistance for 315 gold
                  | pieces
  5926 | D:7      | Reached skill level 6 in Staves
  6120 | D:7      | Gained mutation: A powerful demonic guardian rushes to your
                  | aid. [demonic ancestry]
  6120 | D:7      | Reached XP level 9. HP: 53/65 MP: 9/9
  6447 | D:7      | Identified the ring of Compulsion {+Blink rPois rF- rC+
                  | Str+5}
  6472 | D:7      | Found a broken altar of Ashenzari.
  6883 | D:8      | Reached skill level 5 in Crossbows
  6957 | D:8      | Noticed Harold
  6981 | D:8      | Killed Harold
  6982 | D:8      | Reached skill level 5 in Fighting
  6982 | D:8      | Reached skill level 7 in Staves
  7164 | D:8      | Noticed a centaur warrior
  7177 | D:8      | Killed a centaur warrior
  7178 | D:8      | Gained mutation: You have a pair of antennae on your head.
                  | [demonic ancestry]
  7178 | D:8      | Reached XP level 10. HP: 54/74 MP: 10/10
  7257 | D:8      | Reached **** piety under Fedhas
  7263 | D:8      | Reached skill level 8 in Staves
  7298 | D:8      | Noticed Erica
  7310 | D:8      | Killed Erica
  7590 | D:8      | Noticed Joseph
  7601 | D:8      | Killed Joseph
  7643 | D:8      | Noticed Grum
  7652 | D:8      | Killed Grum
  7662 | D:8      | Reached skill level 5 in Armour
  7851 | D:8      | Reached skill level 9 in Staves
  7875 | D:8      | Noticed a deep elf pyromancer
  7875 | D:8      | Noticed a boulder beetle
  7955 | D:9      | Reached ***** piety under Fedhas
  8120 | D:9      | Noticed a cyan ugly thing
  8142 | D:9      | Killed a cyan ugly thing
  8144 | D:9      | Reached XP level 11. HP: 59/83 MP: 11/11
  8556 | D:10     | Entered Level 10 of the Dungeon
  8723 | D:10     | Noticed a tengu warrior
  8734 | D:10     | Killed a tengu warrior
  9329 | D:11     | Noticed Maurice
  9356 | D:11     | Reached skill level 10 in Staves
  9546 | D:11     | Killed Maurice
  9628 | D:11     | You fall into a shaft and drop 1 floor!
  9710 | D:12     | Found a frozen archway.
  9764 | D:12     | Reached ****** piety under Fedhas
  9844 | IceCv    | Entered an ice cave
  9939 | IceCv    | Found the +4 skin of Zhor {*Englaciate rC+++ SInv}
  9949 | IceCv    | Got the Catalogue of the Glacier
  9951 | IceCv    | Got the ring of Ceites {*Corrode Fly rPois rC+ rN++}
  9952 | IceCv    | Identified the +2 steam dragon scales "Opimioc" {rElec
                  | Int+2}
 10140 | IceCv    | Found a viscous altar of Jiyva.
 10140 | IceCv    | Noticed an azure jelly
 10140 | IceCv    | Noticed a quicksilver ooze
 10355 | IceCv    | Gained mutation: You have a pair of large antennae on your
                  | head. (SInv) [demonic ancestry]
 10355 | IceCv    | Reached XP level 12. HP: 94/94 MP: 12/12
 10417 | IceCv    | Noticed a quicksilver ooze
 10427 | IceCv    | Killed a quicksilver ooze
 10784 | IceCv    | Killed a quicksilver ooze
 10785 | IceCv    | Reached skill level 11 in Staves
 10916 | IceCv    | Killed an azure jelly
 10954 | IceCv    | Upgraded the game from 0.28-a0-872-g80cf8599ee to
                  | 0.28-a0-895-g6e5f11bd55
 10957 | IceCv    | Fell from the grace of Fedhas
 10957 | IceCv    | Became a worshipper of Jiyva Jegh the Shapeless
 10966 | IceCv    | Identified the +1 ice dragon scales of Articulation
                  | {Rampage rF- rC++ Will+ Dex+4 Slay-2}
 11191 | D:12     | Reached * piety under Jiyva
 11212 | D:12     | Noticed Fannar
 11237 | D:12     | Killed Fannar
 11357 | D:12     | Found a transporter.
 11371 | D:12     | Found a transporter.
 11412 | D:12     | Found a transporter.
 11413 | D:12     | Found a transporter.
 11470 | D:12     | Reached ** piety under Jiyva
 11505 | D:12     | Found a staircase to the Orcish Mines.
 11762 | D:12     | Found a transporter.
 11764 | D:12     | Found a transporter.
 12132 | D:13     | Noticed a two-headed ogre
 12139 | D:13     | Killed a two-headed ogre
 12140 | D:13     | Reached skill level 10 in Crossbows
 12365 | D:13     | Noticed Urug
 12395 | D:13     | Killed Urug
 12472 | D:13     | Noticed a two-headed ogre
 12481 | D:13     | Killed a two-headed ogre
 12501 | D:13     | Noticed a centaur warrior
 12507 | D:13     | Killed a centaur warrior
 12773 | D:13     | Reached *** piety under Jiyva
 12828 | D:13     | Noticed a boulder beetle
 12854 | D:13     | Killed a boulder beetle
 12900 | D:14     | Reached skill level 10 in Fighting
 12923 | D:14     | Gained mutation: You are mostly covered in icy blue scales.
                  | (AC +3) [demonic ancestry]
 12923 | D:14     | Reached XP level 13. HP: 90/103 MP: 13/13
 13063 | D:14     | Gained mutation: You expend magic power (3 MP) to
                  | strengthen your wands. [Jiyva's grace]
 13063 | D:14     | Gained mutation: You have a somewhat thin skeletal
                  | structure. (Dex +2, Stealth+) [Jiyva's grace]
 13063 | D:14     | Gained mutation: You have a moderately thin skeletal
                  | structure. (Dex +4, Stealth++) [Jiyva's grace]
 13063 | D:14     | Gained mutation: You have an unnaturally thin skeletal
                  | structure. (Dex +6, Stealth+++) [Jiyva's grace]
 13422 | D:14     | Cast into level 2 of the Abyss (a wizard)
 13513 | Abyss:2  | Noticed a starcursed mass
 13530 | D:14     | Escaped the Abyss
 13546 | D:14     | Reached skill level 12 in Staves
 13658 | D:14     | Found a gate to the Vaults.
 13899 | D:14     | Reached skill level 5 in Dodging
 13944 | D:14     | Found an iron altar of Okawaru.
 13978 | D:14     | Reached **** piety under Jiyva
 14517 | D:11     | Noticed Josephine
 14526 | D:11     | Killed Josephine
 14719 | D:11     | Found a staircase to the Lair.
 14790 | D:11     | Noticed Snorg
 14803 | D:11     | Killed Snorg
 14905 | D:11     | Noticed a stone giant
 14909 | D:11     | Killed a stone giant
 14964 | D:11     | Identified the +1 leather armour of Virtue {Int+5}
 15076 | Orc:1    | Entered Level 1 of the Orcish Mines
 15186 | Orc:1    | Reached XP level 14. HP: 110/113 MP: 14/14
 15187 | Orc:1    | Paralysed by an orc sorcerer for 7 turns
 15197 | Orc:1    | HP: 4/104 [fire elemental[a deep elf pyromancer] (6)]
 15300 | Orc:1    | Noticed Nergalle
 15308 | Orc:1    | Killed Nergalle
 15372 | Orc:1    | Reached skill level 5 in Stealth
 15432 | Orc:1    | Reached skill level 13 in Staves
 15447 | Orc:1    | Lost mutation: You have an unnaturally thin skeletal
                  | structure. (Dex +6, Stealth+++) [Jiyva's grace]
 15447 | Orc:1    | Lost mutation: You expend magic power (3 MP) to strengthen
                  | your wands. [Jiyva's grace]
 15447 | Orc:1    | Gained mutation: Your mind is acute. (Int +2) [Jiyva's
                  | grace]
 15447 | Orc:1    | Gained mutation: Your mind is very acute. (Int +4) [Jiyva's
                  | grace]
 15447 | Orc:1    | Gained mutation: You expend magic power (3 MP) to
                  | strengthen your wands. [Jiyva's grace]
 15447 | Orc:1    | Gained mutation: Your translucent skin slightly reduces
                  | your foes' accuracy. (Stealth+) [Jiyva's grace]
 15460 | Orc:1    | Reached ***** piety under Jiyva
 15560 | Orc:1    | Noticed an orc warlord
 15619 | Orc:1    | Killed an orc warlord
 16049 | Orc:2    | Entered Level 2 of the Orcish Mines
 16049 | Orc:2    | Found a staircase to the Elven Halls.
 16300 | Orc:2    | Lost mutation: Your mind is very acute. (Int +4) [Jiyva's
                  | grace]
 16300 | Orc:2    | Gained mutation: You passively map a small area around you.
                  | [Jiyva's grace]
 16300 | Orc:2    | Gained mutation: You passively map the area around you.
                  | [Jiyva's grace]
 16300 | Orc:2    | Gained mutation: You passively map a large area around you.
                  | [Jiyva's grace]
 16300 | Orc:2    | Gained mutation: You are partially covered in large bone
                  | plates. (SH +4) [Jiyva's grace]
 16315 | Orc:2    | Reached ****** piety under Jiyva
 16457 | Orc:2    | Upgraded the game from 0.28-a0-895-g6e5f11bd55 to
                  | 0.28-a0-906-g0406aca7d3
 16488 | Orc:2    | Reached skill level 1 in Shields
 16501 | Orc:2    | Mangled by a two-headed ogre

Illustrated notes

Levels and vault maps discovered:
D:1:      dpeg_arrival_tiny_c, layout_basic, chequers_ecumenical_altar_simple
D:2:      layout_basic, uniq_jessica, uniq_crazy_yiuf_cottage
D:3:      layout_basic
D:4:      layout_basic, dancing_weapons_uskayaw, lemuel_another_geyser,
          uniq_edmund
D:5:      layout_rooms, nicolae_overflow_hallway_of_the_gods,
          gammafunk_ghost_necromancy
D:6:      layout_basic, mainiacjoe_overflow_alcove_2, minmay_temple_entry_glass,
          serial_shops, nicolae_shop_trees
D:7:      layout_basic, nicolae_ashenzari_skybound
D:8:      minmay_slanted_spiral_squares, layout_basic, grunt_decor_arrowhead,
          uniq_harold, uniq_erica, uniq_grum, uniq_joseph
D:9:      layout_basic
D:10:     layout_loops_ring
D:11:     minmay_mutant_horseshoe, layout_cave_pools, dpeg_oklobed_lair,
          uniq_snorg, uniq_josephine, uniq_maurice
D:12:     layout_long_grid, erik_orc_1, portal_ice_cave_entry_ice_simulacra,
          serial_nicolae_subway, nicolae_sub_station_stone,
          nicolae_sub_station_metal, nicolae_sub_station_crystal, uniq_fannar
D:13:     layout_big_octagon, uniq_urug
D:14:     layout_loops_corners, grunt_vaults_entry_tiered, okawaru_trees_2,
          lemuel_flame_loot_1
Orc:1:    layout_diamond_mine, basic_altar, nicolae_orc_stony_grotto,
          elf_legates, uniq_nergalle
Orc:2:    st_orc_ogre_mass, layout_caves

Skill      XL: |  1  2  3  4  5  6  7  8  9 10 11 12 13 14 |
---------------+-------------------------------------------+-----
Stealth        | 1 2 3 4 5 |  5.2
Dodging        | 1 2 3 4 5 |  5.2
Armour         | 2 3 4 5 6 7 8 9 |  9.1
Short Blades   | 1 |  1.6
Staves         | 2 3 4 6 7 9 10 11 12 13 | 13.4
Evocations     | 4 |  4.4
Fighting       | 2 4 5 6 8 10 11 12 | 12.2
Crossbows      | 1 4 5 7 9 10 11 | 11.4
Shields        | 1 |  1.0

Action                   |  1- 3 |  4- 6 |  7- 9 | 10-12 | 13-15 || total
-------------------------+-------+-------+-------+-------+-------++-------
Melee: Club              |    18 |       |       |       |       ||    18
       Dagger            |    53 |       |       |       |       ||    53
       Quarterstaff      |       |    63 |   149 |   501 |   527 ||  1240
 Fire: Hand crossbow     |       |     1 |   101 |   403 |   136 ||   641
       Arbalest          |       |       |       |       |   127 ||   127
Evoke: Piece from Xom's  |     5 |       |       |       |       ||     5
       Wand              |     4 |     8 |     7 |     1 |       ||    20
  Use: Scroll            |       |    12 |     3 |    14 |     1 ||    30
       Potion            |       |       |       |       |     1 ||     1
 Stab: Paralysed         |     2 |     8 |       |     3 |     1 ||    14
       Sleeping          |     2 |       |       |       |       ||     2
       Petrifying        |     2 |       |       |       |       ||     2
       Confused          |       |       |       |     1 |     5 ||     6
       Distracted        |       |       |       |       |     2 ||     2
Armor: Leather armour    |     6 |       |    31 |       |       ||    37
       Chain mail        |     9 |    34 |    13 |       |       ||    56
       Ring mail         |       |       |    49 |   147 |       ||   196
       Animal skin       |       |       |       |    58 |       ||    58
       Plate armour      |       |       |       |    50 |   295 ||   345
Dodge: Dodged            |    27 |    22 |    83 |   260 |   197 ||   589
Block: Buckler           |     2 |       |       |       |       ||     2
       Other             |       |       |       |       |     4 ||     4

Table legend: (Time is in decaauts)
 A = Elapsed time spent in this place.
 B = Non-inter-level travel time spent in this place.
 C = Inter-level travel time spent in this place.
 D = Time resting spent in this place.
 E = Time spent auto-exploring this place.
 F = Levels seen in this place.
 G = Mean time per level.
                   A        B        C        D        E       F      G
               +--------+--------+--------+--------+--------+-----+--------+
         Total |  16250 |  15468 |    782 |    828 |  10686 |  18 |  902.8 |
       Dungeon |  13607 |  12859 |    748 |    739 |   9278 |  14 |  971.9 |
  Orcish Mines |   1373 |   1339 |     34 |      5 |    782 |   2 |  686.5 |
         Abyss |    102 |    102 |      0 |      0 |     40 |   1 |  102.0 |
      Ice Cave |   1167 |   1167 |      0 |     84 |    586 |   1 | 1167.0 |
               +--------+--------+--------+--------+--------+-----+--------+

Top non-repeatable levels by time:
     D:6: 1413 daAuts
     D:1: 1374 daAuts
    D:14: 1327 daAuts
    D:12: 1171 daAuts
   IceCv: 1167 daAuts
     D:8: 1028 daAuts
     D:2: 1012 daAuts
     D:7: 960 daAuts
   Orc:1: 955 daAuts
    D:13: 901 daAuts
    D:11: 856 daAuts
    D:10: 785 daAuts
     D:3: 749 daAuts
     D:5: 705 daAuts
     D:4: 676 daAuts
